 Dungeon Crawl Stone Soup version 0.30-a0-585-g93115170b9 (webtiles) character file.

Game seed: 15103437842953604196

20403 Ijustatesigmund the Cleaver (level 12, 0/117 HPs)
             Began as a Hill Orc Fighter on Jan 2, 2023.
             Was a High Priest of Okawaru.
             Constricted to death by Jorgrun (2 damage)
             ... on level 13 of the Dungeon.
             The game lasted 00:26:36 (13257 turns).

Ijustatesigmund the Cleaver (Hill Orc Fighter)     Turns: 13257, Time: 00:26:36

Health: 0/117      AC: 24    Str: 29    XL:     12   Next: 79%
Magic:  19/19      EV: 10    Int: 13    God:    Okawaru [*****.]
Gold:   444        SH:  4    Dex: 10    Spells: 11/11 levels left

rFire   + + +      SeeInvis +    L - +5 war axe (freeze)
rCold   + + .      Faith    .    c - +0 buckler
rNeg    + + .      Spirit   .    C - +2 scale mail {rC+}
rPois   .          Reflect  .    M - +2 hat {SInv}
rElec   .          Harm     .    g - +2 cloak of the Furrier {rF+ Int+5}
rCorr   .          Rampage  +    i - +3 pair of gloves of Leapfrog {Rampage rN++ Str+3}
Will    .....                    B - +0 pair of boots
Stlth   +                        (no amulet)
HPRegen 0.39/turn                I - ring of protection from cold
MPRegen 0.16/turn                J - ring "Fiomn" {rF++ AC+4 Str+2 Stlth+}

@: grasped by roots, hasted, constricted, very quick
A: no striking features
a: Renounce Religion, Heroism, Finesse, Duel


You were on level 13 of the Dungeon.
You worshipped Okawaru.
Okawaru was extremely pleased with you.
You visited 2 branches of the dungeon, and saw 14 of its levels.
You also visited: Sewer and Ice Cave.

You collected 668 gold pieces.
You spent 224 gold pieces at shops.

Inventory:

Hand Weapons
 a - a +0 vampiric broad axe
 w - a +4 flail
 L - a +5 war axe of freezing (weapon)
Missiles
 H - a throwing net (quivered)
 N - 2 curare-tipped darts
Armour
 b - a +1 chain mail
 c - a +0 buckler (worn)
 g - the +2 cloak of the Furrier (worn) {rF+ Int+5}
   (You found it on level 3 of the Dungeon)

   Int:       It affects your intelligence (+5).
   rF:        It protects you from fire.
 i - the +3 pair of gloves of Leapfrog (worn) {Rampage rN++ Str+3}
   (You acquired it on level 5 of the Dungeon)

   Str:       It affects your strength (+3).
   rN:        It greatly protects you from negative energy.
   Rampage:   It bestows one free step when moving towards enemies.
 u - the +1 robe of Inviolability {Drain Will+++ rCorr Dex+2}
   (You found it on level 4 of the Dungeon)

   Dex:       It affects your dexterity (+2).
   rCorr:     It protects you from acid and corrosion.
   Drain:     It drains your maximum health when unequipped.
   Will:      It greatly increases your willpower.
 x - a +0 helmet
 y - a +1 cloak of preservation
 B - a +0 pair of boots (worn)
 C - a +2 scale mail of cold resistance (worn)
 M - a +2 hat of see invisible (worn)
Jewellery
 d - an amulet of faith
 I - a ring of protection from cold (left hand)
 J - the ring "Fiomn" (right hand) {rF++ AC+4 Str+2 Stlth+}
   (You acquired it on level 12 of the Dungeon)

   [ring of protection]

   AC:        It affects your AC (+4).
   Str:       It affects your strength (+2).
   rF:        It greatly protects you from fire.
   Stlth:     It makes you more stealthy.
 K - a ring of ice
Wands
 n - a wand of flame (5)
 o - a wand of quicksilver (6)
 s - a wand of charming (13)
 E - a wand of roots (2)
Scrolls
 f - a scroll of immolation
 h - 2 scrolls of poison
 j - 3 scrolls of amnesia
 p - 5 scrolls of noise
 r - 3 scrolls of fog
 t - 5 scrolls of identify
 A - 3 scrolls of enchant armour
 F - a scroll of blinking
 G - 2 scrolls of teleportation
 O - a scroll of silence
Potions
 e - 5 potions of brilliance
 k - 4 potions of might
 l - 2 potions of magic
 m - 2 potions of curing
 q - 2 potions of resistance
 v - 3 potions of mutation
 z - 2 potions of flight


   Skills:
 + Level 14.0 Fighting
 + Level 14.9 Axes
 - Level 6.5 Armour
 + Level 10.8 Dodging
 - Level 3.2 Shields
 + Level 10.1 Invocations


You had 11 spell levels left.
You didn't know any spells.
Your spell library contained the following spells:

 Spells                   Type           Power      Damage    Failure   Level
 Beastly Appendage        Tmut           0%         N/A       63%         1
 Magic Dart               Conj           0%         1d3       63%         1
 Sublimation of Blood     Necr           0%         N/A       77%         2
 Wereblood                Tmut           0%         N/A       77%         2
 Gell's Gravitas          Tloc           0%         N/A       94%         3
 Lesser Beckoning         Tloc           0%         N/A       94%         3
 Mephitic Cloud           Conj/Pois/Air  0%         N/A       94%         3
 Spider Form              Tmut/Pois      0%         N/A       94%         3
 Teleport Other           Tloc           0%         N/A       94%         3
 Leda's Liquefaction      Hex/Erth       0%         N/A       100%        4
 Lee's Rapid Deconstruct  Erth           0%         3d4*      100%        5
 Statue Form              Tmut/Erth      0%         N/A       100%        6
 Summon Small Mammal      Summ           Unusable   N/A       N/A         1
 Call Imp                 Summ           Unusable   N/A       N/A         2
 Call Canine Familiar     Summ           Unusable   N/A       N/A         3
 Summon Guardian Golem    Hex/Summ       Unusable   N/A       N/A         3
 Summon Hydra             Summ           Unusable   N/A       N/A         7

Dungeon Overview and Level Annotations

Branches:
Dungeon (13/15)            Temple (1/1) D:7            Lair (0/5) D:8
    Orc (0/2) D:12          Sewer (visited)           IceCv (visited)
 Vaults: D:13-14

Altars:
Ashenzari
Fedhas
Gozag
Nemelex Xobeh
Okawaru
Ru
Uskayaw
Xom
Yredelemnul

Shops:
D:3 =   D:11 :   D:12 *

Annotations:
D:3 3 runed translucent doors, Azuvok's ghost, weakling MiFi
D:4 1 runed translucent door, WasteTime5's ghost, amateur KoHu
D:13 Jorgrun


Message History

You closely miss Jorgrun.
Jorgrun is lightly wounded.
Jorgrun gestures at you while chanting.
Roots burst forth from the earth!
The grasping roots grab you! The grasping roots constrict you!
You slash Jorgrun!
Jorgrun is moderately wounded.
Jorgrun closely misses you. The grasping roots constrict you.
You slash Jorgrun! You freeze Jorgrun.
Jorgrun is moderately wounded.
You slash Jorgrun! You freeze Jorgrun.
Jorgrun is heavily wounded.
Jorgrun closely misses you. The grasping roots constrict you.
You miss Jorgrun.
Jorgrun is heavily wounded.
You miss Jorgrun.
Jorgrun is heavily wounded.
You block Jorgrun's attack. The grasping roots constrict you.
You hit Jorgrun.
Jorgrun is heavily wounded.
You slice Jorgrun!! You freeze Jorgrun.
Jorgrun is severely wounded.
Jorgrun gestures next to you while chanting.
The wall shatters!
The blast of rock fragments hits you but does no damage.
The grasping roots constrict you!
You hear a shout!
You miss Jorgrun.
Jorgrun is severely wounded.
Jorgrun points at you and mumbles some strange words.
The iron shot hits you!!!
* * * LOW HITPOINT WARNING * * *
The grasping roots constrict you!
* * * LOW HITPOINT WARNING * * *
You feel yourself speed up.
Jorgrun hits you with a +0 heavy quarterstaff!!
* * * LOW HITPOINT WARNING * * *
The grasping roots constrict you.
You die...

...g.. #.... .....
#.... ...# #....
#..# #.... #...##
#.... #....## #..
#.... #..... #..#
#.... #...g# #..#
#.... #...@# #..#
#.... #....## ...#
#.... #.....###..#
#..##
#....#.##..######..#
#..#.##.#..........#
#..#####...#####...#
#..# ##..# #...#
#..# #..## #...#
#..######...# #...#


You could see Jorgrun.

Vanquished Creatures
  A boulder beetle (D:12)
  2 two-headed ogres
  Erica (D:10)
  A bog body (IceCv)
  A necromancer (IceCv)
  An ugly thing (D:12)
  A harpy (shapeshifter) (D:12)
  2 manticores (D:11)
  2 ice statues (IceCv)
  A gargoyle (D:12)
  A kobold demonologist (D:11)
  A komodo dragon (D:12)
  3 anaconda simulacra (IceCv)
  4 ice devils (IceCv)
  2 freezing wraiths (IceCv)
  A troll (D:12)
  A queen bee (D:8)
  5 slime creatures (D:13)
  A vampire (D:12)
  A wyvern (D:9)
  3 shadows
  Sigmund (D:3)
  14 yaks
  A dire elephant simulacrum (IceCv)
  2 wraiths
  A steam dragon (D:7)
  6 vampire mosquitoes
  Menkaure (D:5)
  4 hydra simulacra (IceCv)
  2 harpy simulacra (IceCv)
  2 acid dragons
  2 water moccasins
  Pargi (Sewer)
  An orc warrior (D:9)
  3 ice beasts
  2 black bears
  2 ogres
  8 centaurs
  A phantom (D:5)
  3 kobold brigands
  4 bullfrogs
  2 gnoll sergeants
  3 scorpions (D:4)
  A cane toad simulacrum (IceCv)
  2 two-headed ogre simulacra (D:12)
  10 wights
  15 killer bees
  3 howler monkeys
  2 jellies (D:7)
  4 gnoll boudas
  3 hounds
  Crazy Yiuf (D:5)
  5 orc priests
  Ijyb (D:4)
  5 iguanas
  5 orc wizards
  4 polar bear simulacra
  A troll simulacrum (IceCv)
  Robin (D:4)
  23 gnolls
  10 adders
  5 naga simulacra
  A white imp (D:6)
  An ufetubus (D:6)
  2 worms
  7 dart slugs
  20 orcs
  7 ball pythons
  6 endoplasms
  6 giant cockroaches
  17 goblins
  8 hobgoblins
  4 jackals
  4 quokkas
  7 bats
  9 frilled lizards
  17 kobolds
  A rat (D:1)
320 creatures vanquished.

Vanquished Creatures (collateral kills)
  An ice beast (D:5)
  An adder (D:5)
  2 gnolls (D:5)
4 creatures vanquished.

Vanquished Creatures (others)
  An ogre (D:5)
  35 plants
36 creatures vanquished.

Grand Total: 360 creatures vanquished

Notes
Turn   | Place    | Note
-------+----------+-------------------------------------------
     0 | D:1      | Ijustatesigmund the Hill Orc Fighter began the quest for
                  | the Orb.
     0 | D:1      | Reached XP level 1. HP: 19/19 MP: 1/1
   211 | D:1      | Reached XP level 2. HP: 23/27 MP: 2/2
   300 | D:1      | Found a faded altar of an unknown god.
   383 | D:1      | Reached XP level 3. HP: 29/34 MP: 3/3
  1667 | D:3      | Reached XP level 4. HP: 41/41 MP: 4/4
  1673 | D:3      | Reached skill level 5 in Fighting
  2048 | D:3      | Identified the +2 cloak of the Furrier {rF+ Int+5}
  2187 | D:3      | Reached skill level 5 in Axes
  2187 | D:3      | Reached XP level 5. HP: 43/48 MP: 5/5
  2268 | D:3      | Found Kiwkox's Jewellery Emporium.
  2329 | D:3      | Found a runed translucent gate.
  2330 | D:3      | Found a runed translucent gate.
  2330 | D:3      | Found a runed translucent gate.
  2332 | D:3      | Found an opulent altar of Gozag.
  2332 | D:3      | Noticed an ice beast
  2334 | D:3      | Noticed Azuvok's ghost (weakling MiFi)
  2444 | D:3      | Noticed Sigmund
  2453 | D:3      | Killed Sigmund
  2454 | D:3      | Reached XP level 6. HP: 46/57 MP: 6/6
  2911 | D:4      | Noticed Robin
  2912 | D:4      | Found a runed translucent door.
  2923 | D:4      | Killed Robin
  3003 | D:4      | Noticed WasteTime5's ghost (amateur KoHu)
  3093 | D:4      | Identified the +1 robe of Inviolability {Drain Will+++
                  | rCorr Dex+2}
  3159 | D:4      | Reached XP level 7. HP: 49/64 MP: 7/7
  3461 | D:4      | Reached skill level 5 in Armour
  3906 | D:5      | Entered Level 5 of the Dungeon
  3906 | D:5      | Noticed Menkaure
  3906 | D:5      | Noticed Ijyb
  3919 | D:4      | Killed Ijyb
  3935 | D:4      | Reached XP level 8. HP: 40/73 MP: 8/8
  4009 | D:5      | Identified a scroll of acquirement
  4009 | D:5      | Acquired the +3 pair of gloves of Leapfrog {Rampage rN++
                  | Str+3}
  4330 | D:5      | Found a runed translucent door.
  4331 | D:5      | Noticed Crazy Yiuf
  4532 | D:5      | Found a basalt altar of Yredelemnul.
  4549 | D:5      | Killed Menkaure
  4550 | D:5      | Reached skill level 1 in Dodging
  4553 | D:5      | Found a glowing drain.
  4568 | Sewer    | Entered a sewer
  4733 | Sewer    | Noticed Pargi
  4749 | Sewer    | Killed Pargi
  4956 | D:5      | Reached XP level 9. HP: 82/82 MP: 9/9
  4966 | D:5      | You fall into a shaft and drop 3 floors!
  5612 | D:5      | Killed Crazy Yiuf
  5857 | D:6      | Reached skill level 10 in Axes
  6072 | D:6      | Reached skill level 5 in Dodging
  6078 | D:6      | Reached skill level 10 in Fighting
  6721 | D:7      | Reached XP level 10. HP: 94/94 MP: 10/10
  6835 | D:7      | Found a staircase to the Ecumenical Temple.
  6862 | Temple   | Entered the Ecumenical Temple
  7010 | Temple   | Became a worshipper of Warmaster Okawaru
  7125 | D:7      | Reached skill level 1 in Invocations
  7257 | D:8      | Found a staircase to the Lair.
  7399 | D:8      | Reached * piety under Okawaru
  9130 | D:10     | Entered Level 10 of the Dungeon
  9208 | D:10     | Noticed a two-headed ogre
  9225 | D:10     | Killed a two-headed ogre
  9226 | D:10     | Reached skill level 5 in Invocations
  9226 | D:10     | Reached XP level 11. HP: 29/104 MP: 11/14
  9490 | D:10     | Reached ** piety under Okawaru
  9549 | D:10     | Found a hide-covered altar of Uskayaw.
  9551 | D:10     | Found a sacrificial altar of Ru.
  9553 | D:10     | Found a broken altar of Ashenzari.
  9579 | D:10     | Noticed Erica
 10046 | D:10     | Killed Erica
 10403 | D:11     | Noticed a manticore
 10413 | D:11     | Killed a manticore
 10413 | D:11     | Reached *** piety under Okawaru
 10623 | D:11     | Found Cocuhel's Book Boutique.
 10722 | D:11     | Noticed a manticore
 10728 | D:11     | Killed a manticore
 10728 | D:11     | Received a gift from Okawaru
 10905 | D:11     | Noticed a two-headed ogre
 10914 | D:11     | Killed a two-headed ogre
 11270 | D:12     | Acquired the ring "Fiomn" {rF++ AC+4 Str+2 Stlth+}
 11375 | D:12     | Reached **** piety under Okawaru
 11472 | D:12     | Found a staircase to the Orcish Mines.
 11558 | D:12     | Found Rarofizo's Blood Bar.
 11596 | D:12     | Bought a +0 vampiric broad axe for 224 gold pieces
 11613 | D:12     | Noticed a harpy
 11619 | D:12     | Killed a harpy
 11620 | D:12     | Reached skill level 10 in Dodging
 11750 | D:12     | Noticed a boulder beetle
 11758 | D:12     | Killed a boulder beetle
 11759 | D:12     | Reached XP level 12. HP: 87/115 MP: 15/18
 11759 | D:12     | Found a frozen archway.
 11784 | IceCv    | Entered an ice cave
 12187 | IceCv    | Reached ***** piety under Okawaru
 12769 | D:12     | Identified the +5 rapier of Duty {drain, Dex+7}
 13131 | D:13     | Noticed Jorgrun
 13150 | D:13     | Reached skill level 10 in Invocations
 13257 | D:13     | HP: 2/117 [Jorgrun/+0 heavy quarterstaff (23)]
 13257 | D:13     | Constricted to death by Jorgrun

Illustrated notes

Levels and vault maps discovered:
D:1:      lightli_arrival_windingriver, layout_basic, basic_ecumenical_altar,
          serial_bayou_lake_a
D:2:      layout_loops_ring, serial_forest, infiniplex_forest_lined_room_2,
          infiniplex_forest_clump_cross, infiniplex_forest_clump_medium,
          infiniplex_forest_end_double, infiniplex_forest_lined_room_2,
          infiniplex_forest_fountain, infiniplex_forest_lined_corner
D:3:      layout_loops_ring, ebering_ghost_gozag, serial_shops, shop_coins,
          st_stairs_10, minmay_puff, uniq_sigmund
D:4:      layout_basic, serial_glass, glass_columns_c, glass_columns_c,
          hellmonk_ghost_happy_afterlife, grunt_decor_arrowhead, minmay_cut_off,
          uniq_robin
D:5:      layout_rooms, lemuel_doored_altar, portal_sewer_entry_f,
          uniq_crazy_yiuf_cottage, uniq_menkaure, uniq_ijyb
D:6:      layout_cave_pods, minmay_misc_feat_iff
D:7:      layout_loops_cross, minmay_temple_entry_mini_moons
D:8:      layout_loops_ring, lair_entry_dummy, hangedman_glass_teeth,
          nicolae_looking_at_the_future
D:9:      layout_rooms
D:10:     layout_roguey, grunt_temple_overflow_open, uniq_erica
D:11:     layout_irregular_city, serial_shops, kennysheep_little_box
D:12:     layout_roguey, orc_0_dummy, portal_ice_cave_entry_ice_simulacra,
          guppyfry_shop_blood
D:13:     layout_long_grid, uniq_jorgrun, uniq_azrael
Temple:   dpeg_five_rooms_temple

Skill      XL: |  1  2  3  4  5  6  7  8  9 10 11 12 |
---------------+-------------------------------------+-----
Axes           | 3 4 5 6 7 9 10 12 13 14 | 14.9
Fighting       | 4 5 6 7 8 10 11 13 14 | 14.0
Armour         | 4 5 6 |  6.5
Dodging        | 3 6 8 10 | 10.8
Invocations    | 5 8 10 | 10.1
Shields        | |  3.2

Action                   |  1- 3 |  4- 6 |  7- 9 | 10-12 || total
-------------------------+-------+-------+-------+-------++-------
Melee: War axe           |   129 |   124 |   323 |   567 ||  1143
Throw: Dart              |       |       |       |     2 ||     2
Invok: Heroism           |       |       |       |     5 ||     5
Evoke: Wand              |       |       |     4 |    17 ||    21
  Use: Scroll            |       |     4 |    18 |    17 ||    39
       Potion            |       |     1 |     3 |    11 ||    15
Armor: Scale mail        |    59 |     9 |       |    31 ||    99
       Chain mail        |       |    80 |   224 |   303 ||   607
       Skin              |       |       |     2 |       ||     2
Dodge: Dodged            |    39 |    49 |   136 |   268 ||   492
Block: Buckler           |    31 |    30 |    78 |   119 ||   258

Table legend: (Time is in decaauts)
 A = Elapsed time spent in this place.
 B = Non-inter-level travel time spent in this place.
 C = Inter-level travel time spent in this place.
 D = Time resting spent in this place.
 E = Time spent auto-exploring this place.
 F = Levels seen in this place.
 G = Mean time per level.
                   A        B        C        D        E       F      G
               +--------+--------+--------+--------+--------+-----+--------+
         Total |  13421 |  12993 |    428 |   2542 |   8020 |  16 |  838.8 |
       Dungeon |  11961 |  11566 |    395 |   1945 |   7554 |  13 |  920.1 |
        Temple |    181 |    148 |     33 |    105 |     34 |   1 |  181.0 |
         Sewer |    345 |    345 |      0 |    100 |    115 |   1 |  345.0 |
      Ice Cave |    933 |    933 |      0 |    392 |    317 |   1 |  933.0 |
               +--------+--------+--------+--------+--------+-----+--------+

Top non-repeatable levels by time:
     D:4: 1475 daAuts
    D:10: 1273 daAuts
     D:3: 1148 daAuts
     D:7: 1082 daAuts
     D:8: 950 daAuts
   IceCv: 933 daAuts
     D:5: 917 daAuts
     D:9: 911 daAuts
    D:11: 887 daAuts
    D:12: 829 daAuts
     D:1: 789 daAuts
     D:6: 759 daAuts
     D:2: 749 daAuts
   Sewer: 345 daAuts
    D:13: 187 daAuts
